 Dungeon Crawl Stone Soup version bcrawl-1.37.2 (webtiles) character file.

Game seed: 5167105120194528118

143631 Mehrunes the Magician (level 7, -18/46 HPs)
             Began as a Mummy Fire Elementalist on Nov 10, 2022.
             Was a Follower of Vehumet.
             Killed from afar by a crimson imp (60 damage)
             ... with an exploding inner flame
             ... hexed by the player character
             ... on level 4 of the Dungeon.
             The game lasted 00:07:20 (6317 turns).

Mehrunes the Magician (Mummy Fire Elementalist)     Turns: 6317, Time: 00:07:21

Health: -18/46     AC:  3    Str: 12    XL:     7   Next: 35%
Magic:  16/16      EV: 11    Int: 16    God:    Vehumet [*.....]
Gold:   286        SH:  0    Dex: 12    Spells: 5/18 levels left

rFire    x . .     GDR:     24% b - +0 dagger
rCold    + . .     SeeInvis .   (no shield)
rNeg     + + +     Gourm    .   p - +0 leather armour (curse)
rPois    ∞         Faith    .   (no helmet)
rElec    .         Spirit   .   (no cloak)
rCorr    .         Reflect  .   (no gloves)
MR       .....     Clarity  +   (no boots)
Stlth    ++........             (no amulet)
HPRegen  0.17/turn              (no ring)
MPRegen  0.15/turn              (no ring)

@: no status effects
A: no food or potions, fire vulnerability, clarity, cold resistance 1, negative
energy resistance 3, torment resistance, unbreathing, strong hexes 1
a: Renounce Religion


You were on level 4 of the Dungeon.
You worshipped Vehumet.
Vehumet was aware of your devotion.
You were not hungry.

You visited 2 branches of the dungeon, and saw 5 of its levels.

You collected 286 gold pieces.

Inventory:

Hand Weapons
 b - a +0 dagger (weapon)
 n - a +0 hunting sling
Missiles
 d - 975 stones (quivered)
Armour
 a - a +0 robe
 p - a cursed +0 leather armour (worn)
Jewellery
 l - an uncursed ring of positive energy {unknown}
Wands
 c - a wand of flame (4)
 q - a wand of disintegration (6)
Scrolls
 e - a scroll of teleportation {unknown}
 f - a scroll of enchant weapon
 g - 4 scrolls of remove curse
 h - a scroll of fog {unknown}
 i - a scroll of identify
 j - a scroll of fear
 k - a scroll of noise
 m - a scroll of blinking {unknown}
 o - a scroll of amnesia {unknown}


   Skills:
 - Level 1.5 Dodging
 - Level 2.1 Stealth
 - Level 6.0 Spellcasting
 + Level 3.9 Conjurations
 + Level 4.6 Fire Magic


You had 5 spell levels left.
You knew the following spells:

 Your Spells              Type           Power        Failure   Level  Hunger
a - Flame Tongue          Conj/Fire      ###..        1%          1    N/A
b - Conjure Flame         Conj/Fire      ###.....     2%          3    N/A
c - Sticky Flame          Conj/Fire      ###.....     9%          4    N/A
d - Fireball              Conj/Fire      ###.......   22%         5    N/A

Your spell library contained the following spells:

 Spells                   Type           Power        Failure   Level  Hunger
 Sandblast                Erth           #.....       4%          1    N/A
 Inner Flame              Hex/Fire       N/A          5%          3    N/A
 Flaming Arrows           Chrm/Fire      ##......     11%         2    N/A

Dungeon Overview and Level Annotations

Branches:
Dungeon (4/12)             Temple (1/1) D:4

Altars:
Ashenzari
Cheibriados
Dithmenos
Gozag
Hepliaklqana
Kikubaaqudgha
Lugonu
Makhleb
Nemelex Xobeh
Okawaru
Qazlal
Ru
Trog
Uskayaw
Vehumet
Wu Jian
Xom
Yredelemnul

Annotations:
D:2 1 runed door


Innate Abilities, Weirdness & Mutations

You do not eat or drink.
Your flesh is vulnerable to fire.
You are immune to poison.
You possess an exceptional clarity of mind.
Your flesh is cold resistant. (rC+)
You are immune to negative energy. (rN+++)
You are immune to unholy pain and torment.
You can survive without breathing.
Your hexes are more powerful.


Message History

Okay, then.
You close the door.
The crimson imp closely misses you.
Unknown command.
Evoke which item? (* to show all) (? for menu, Esc to quit)
Aiming: Disintegrate
Press: ? - help, Shift-Dir - straight line, f/p - crimson imp
Aim: a crimson imp (moderately wounded, chance to defeat MR: 47%) That beam is likely to hit you.
Continue anyway?
The crimson imp resists with some effort.
The crimson imp hits you but does no damage.
Evoke which item? (* to show all) (? for menu, Esc to quit)
Aiming: Disintegrate
Press: ? - help, Shift-Dir - straight line, f/p - crimson imp
Aim: a crimson imp (moderately wounded, chance to defeat MR: 47%) That beam is likely to hit you.
Continue anyway?
The crimson imp is blasted!!
The crimson imp explodes!
The fire burns you terribly! The fiery explosion engulfs you!!!
Ouch! That really hurt!
You die...

######### ..^.....# #.#####.#
..###...## ### ...#.....# ...#
##.......#########....#.
...........)..§.@+......
#...#..#.......§.#......
#...##........§§§####.#.##
..........................
..####...........####.##.#
.................# #.##.#
.#...##..........## #.##.#
.#.#.##............##.##.#####
.#.####.###..####...#........#


There were no monsters in sight!

Vanquished Creatures
  A human (D:3)
  2 orc priests (D:3)
  A crimson imp (D:4)
  A human zombie (D:3)
  A bullfrog skeleton (D:3)
  3 orc wizards
  4 worker ants
  Natasha (thrice) (D:3)
  2 adders
  5 worms
  3 dart slugs
  4 leopard geckos
  14 orcs
  4 bats
  A giant cockroach (D:3)
  A goblin (D:2)
  4 hobgoblins
  4 jackals (D:2)
  11 kobolds
  2 quokkas
  4 ball pythons
  5 frilled lizards
  A goblin zombie (D:3)
  A kobold skeleton (D:3)
  3 rats
85 creatures vanquished.

Notes
Turn   | Place    | Note
-------+----------+-------------------------------------------
     0 | D:1      | Mehrunes the Mummy Fire Elementalist began the quest for
                  | the Orb.
     0 | D:1      | Reached XP level 1. HP: 13/13 MP: 4/4
   280 | D:1      | Reached skill level 3 in Spellcasting
   280 | D:1      | Reached skill level 1 in Conjurations
   483 | D:1      | Reached XP level 2. HP: 19/19 MP: 0/6
  1708 | D:2      | Reached XP level 3. HP: 21/24 MP: 1/8
  1829 | D:2      | Found a blossoming altar of Fedhas.
  2070 | D:2      | Reached skill level 4 in Spellcasting
  2150 | D:2      | Found a runed door.
  2873 | D:4      | Reached XP level 4. HP: 24/30 MP: 2/10
  2993 | D:4      | Found a staircase to the Ecumenical Temple.
  3002 | Temple   | Entered the Ecumenical Temple
  3069 | Temple   | Became a worshipper of Vehumet
  3087 | D:4      | Reached skill level 5 in Spellcasting
  3087 | D:4      | Reached XP level 5. HP: 35/35 MP: 3/12
  3492 | D:3      | Learned a level 3 spell: Conjure Flame
  3497 | D:3      | Learned a level 4 spell: Sticky Flame
  3503 | D:3      | Learned a level 5 spell: Fireball
  3702 | D:3      | Reached XP level 6. HP: 39/41 MP: 8/14
  3869 | D:3      | Found a runed door.
  3869 | D:3      | Noticed a human
  3875 | D:3      | Found a basalt altar of Yredelemnul.
  3891 | D:3      | Reached skill level 6 in Spellcasting
  3999 | D:3      | Killed a human
  4018 | D:3      | Reached * piety under Vehumet
  4018 | D:3      | Offered knowledge of Sandblast by Vehumet.
  4337 | D:3      | Reached XP level 7. HP: 20/46 MP: 5/16
  4662 | D:3      | Noticed Natasha
  4668 | D:3      | Killed Natasha
  4760 | D:3      | Noticed Natasha
  4765 | D:3      | Killed Natasha
  5037 | D:3      | Found a basalt altar of Yredelemnul.
  5664 | D:3      | Noticed Natasha
  5668 | D:3      | Killed Natasha
  5864 | D:3      | Found a basalt altar of Yredelemnul.
  6317 | D:4      | Killed from afar by a crimson imp

Skill      XL: |  1  2  3  4  5  6 |
---------------+-------------------+-----
Spellcasting   | 3 4 5 6 |  6.0
Conjurations   | 1 2 3 |  3.9
Fire Magic     | 3 4 |  4.6
Dodging        | |  1.5
Stealth        | |  2.1

Action                   |  1- 3 |  4- 6 |  7- 9 || total
-------------------------+-------+-------+-------++-------
Melee: Dagger            |    13 |     1 |     1 ||    15
Throw: Stone             |       |     2 |       ||     2
 Cast: Flame Tongue      |    78 |    93 |    19 ||   190
       Conjure Flame     |       |     5 |     1 ||     6
       Sticky Flame      |       |       |     5 ||     5
Evoke: Wand              |       |       |     7 ||     7
  Use: Scroll            |     6 |       |       ||     6
Armor: Robe              |    16 |     4 |       ||    20
       Leather armour    |       |       |     4 ||     4
Dodge: Dodged            |    38 |    30 |     6 ||    74
